Workbook

Sheet CUADRO 1 -
B2: Cuadro 1. EJECUCIÓN PRESUPUESTARIA EN LA FISCALÍA GENERAL DE CUENTAS, SEGÚN TIPO DE PRESUPUESTO: DICIEMBRE 2025
B3: Tipo de presupuesto | C3: Ejecución presupuestaria (en Balboas)
C4: Presupuesto | G4: Saldo del asignado (5=3-4) | H4: Porcentaje de ejecución (6=4/3)
C5: Ley (1) | D5: Traslado (2) | E5: Modificado (3) | F5: Ejecución (4)
B6: TOTAL | C6: =C7+C8 -> 5838442 | D6: =D7+D8 -> -25016 | E6: =E7+E8 -> 5813426 | F6: =F7+F8 -> 5495424.2 | G6: =G7+G8 -> 318001.76 | H6: =F6/E6*100 -> 94.529873
B7: Funcionamiento | C7: 5838442 | D7: -446092 | E7: =SUM(C7+D7) -> 5392350 | F7: 5224851.2 | G7: =E7-F7 -> 167498.8 | H7: =F7/E7*100 -> 96.89377
B8: Inversiones | C8: 0 | D8: 421076 | E8: =SUM(C8+D8) -> 421076 | F8: 270573.04 | G8: =E8-F8 -> 150502.96 | H8: =F8/E8*100 -> 64.257531
B9: Fuente: Departamento de Presupuesto.

Sheet NODO CUADRO 2 
B2: Cuadro 2. EJECUCIÓN PRESUPUESTARIA EN LA FISCALÍA GENERAL DE CUENTAS, SEGÚN GRUPO DE GASTO: DICIEMBRE 2025
B3: Grupo de gasto | C3: Ejecución presupuestaria (en Balboas)
C4: Presupuesto | G4: Saldo del asignado (5=3-4) | H4: Porcentaje de ejecución (6=4/3)
C5: Ley (1) | D5: Traslado (2) | E5: Modificado (3) | F5: Ejecución (4)
B6: TOTAL | C6: =C12+C7 -> 5838442 | D6: =D12+D7 -> -25016 | E6: =E12+E7 -> 5813426 | F6: =F12+F7 -> 5495424.2 | G6: =E6-F6 -> 318001.76 | H6: =F6/E6*100 -> 94.529873
B7: Funcionamiento | C7: =SUM(C8:C11) -> 5838442 | D7: =SUM(D8:D11) -> -446092 | E7: =SUM(E8:E11) -> 5392350 | F7: =SUM(F8:F11) -> 5224851.2 | G7: =SUM(G8:G11) -> 167498.8 | H7: =F7/E7*100 -> 96.89377
B8: Servicios Personales | C8: 4658145 | D8: =E8-C8 -> -236776 | E8: 4421369 | F8: 4316853 | G8: =E8-F8 -> 104516.01 | H8: =F8/E8*100 -> 97.636117
B9: Servicios no Personales | C9: 853347 | D9: =E9-C9 -> -159066 | E9: 694281 | F9: 652452.55 | G9: =E9-F9 -> 41828.45 | H9: =F9/E9*100 -> 93.975285
B10: Materiales y Suministros | C10: 260950 | D10: =E10-C10 -> -86055 | E10: 174895 | F10: 154614.52 | G10: =E10-F10 -> 20280.48 | H10: =F10/E10*100 -> 88.404197
B11: Transferencias Corrientes | C11: 66000 | D11: =E11-C11 -> 35805 | E11: 101805 | F11: 100931.14 | G11: =E11-F11 -> 873.86 | H11: =F11/E11*100 -> 99.141634
B12: Inversiones | C12: 0 | D12: 421076 | E12: 421076 | F12: 270573.04 | G12: =E12-F12 -> 150502.96 | H12: =F12/E12*100 -> 64.257531 | J12: =F12/E12*100 -> 64.257531
B13: Fuente: Departamento de Presupuesto.

Sheet CUADRO 3 
B2: Cuadro 3. EVALUACIÓN PRESUPUESTARIA EN LA FISCALÍA GENERAL DE CUENTAS, SEGÚN GRUPO DE GASTO: DICIEMBRE 2025
B3: Detalle | C3: Ejecución presupuestaria (en Balboas) | J3: Ejecución efectiva (8=6+7)
C4: Presupuesto | G4: Compromiso (5) | H4: Devengado (6) | I4: Pagado (7)
C5: Ley (1) | D5: Traslado (2) | E5: Modificado (3) | F5: Ejecutado (4=6+7+8)
B6: TOTAL | C6: =C7+C12 -> 5838442 | D6: =D7+D12 -> -25016 | E6: =E7+E12 -> 5813426 | F6: =F7+F12 -> 5495424.2 | G6: =G7+G12 -> 20062.09 | H6: =H7+H12 -> 338602.15 | I6: =I7+I12 -> 5136760 | J6: =J7+J12 -> 5475362.2
B7: 0 - Funcionamiento | C7: =SUM(C8:C11) -> 5838442 | D7: =SUM(D8:D11) -> -446092 | E7: =SUM(E8:E11) -> 5392350 | F7: =SUM(F8:F11) -> 5224851.2 | G7: =SUM(G8:G11) -> 20062.09 | H7: =SUM(H8:H11) -> 328884.42 | I7: =SUM(I8:I11) -> 4875904.7 | J7: =SUM(J8:J11) -> 5204789.1
B8: Servicios Personales | C8: 4658145 | D8: ='NODO CUADRO 2 '!D8 -> -236776 | E8: ='NODO CUADRO 2 '!E8 -> 4421369 | F8: ='NODO CUADRO 2 '!F8 -> 4316853 | G8: 0 | H8: 239434.95 | I8: 4077418 | J8: =I8+H8 -> 4316853
B9: Servicios no Personales | C9: 853347 | D9: ='NODO CUADRO 2 '!D9 -> -159066 | E9: ='NODO CUADRO 2 '!E9 -> 694281 | F9: ='NODO CUADRO 2 '!F9 -> 652452.55 | G9: 4051.06 | H9: 26571.08 | I9: 621830.41 | J9: =I9+H9 -> 648401.49
B10: Materiales y Suministros | C10: 260950 | D10: ='NODO CUADRO 2 '!D10 -> -86055 | E10: ='NODO CUADRO 2 '!E10 -> 174895 | F10: ='NODO CUADRO 2 '!F10 -> 154614.52 | G10: 16011.03 | H10: 12569.74 | I10: 126033.75 | J10: =I10+H10 -> 138603.49
B11: Transferencias Corrientes | C11: 66000 | D11: ='NODO CUADRO 2 '!D11 -> 35805 | E11: ='NODO CUADRO 2 '!E11 -> 101805 | F11: ='NODO CUADRO 2 '!F11 -> 100931.14 | G11: 0 | H11: 50308.65 | I11: 50622.49 | J11: =I11+H11 -> 100931.14
B12: 1 - Inversiones | C12: 0 | D12: ='NODO CUADRO 2 '!D12 -> 421076 | E12: ='NODO CUADRO 2 '!E12 -> 421076 | F12: ='NODO CUADRO 2 '!F12 -> 270573.04 | G12: 0 | H12: 9717.73 | I12: 260855.31 | J12: =I12+H12 -> 270573.04
B13: Fuente: Departamento de Presupuesto.

Sheet 10.1 INVERS
B3: INFORME DE EJECUCIÓN FÍSICO - FINANCIERO POR PROYECTO DE INVERSIONES EN LA FISCALÍA GENERAL DE CUENTAS A: DICIEMBRE 2025
B4: Proyecto / Actividad | C4: Inversiones para el Fortalecimiento Institucional
C5: Ejecución presupuestaria (en Balboas)
C6: Ley (1) | D6: Traslado (2) | E6: Modificado (3) | F6: Ejecución (4) | G6: Saldo del asignado (5=3-4) | H6: Porcentaje de ejecución (6=4/3)
B7: TOTAL DE INVERSIÓN | C7: 0 | D7: =D8+D9 -> 421076 | E7: =E8+E9 -> 421076 | F7: =F8+F9 -> 270573.04 | G7: =G8+G9 -> 150502.96 | H7: =F7/E7*100 -> 64.257531
B8: Proyecto: 104710106 COD SINIP: 00022662.000 Mejoramiento de la infraestructura tecnológica de la Fiscalía General de Cuentas. | C8: 0 | D8: 283738 | E8: =C8+D8 -> 283738 | F8: 228965.01 | G8: =E8-F8 -> 54772.99 | H8: =F8/E8*100 -> 80.695927
B9: Proyecto: 104720105 COD SINIP: 00022919.000 Habilitación, adecuación y equipamiento de áreas operativas y administrativas de la Fiscalía General de Cuentas. | C9: 0 | D9: 137338 | E9: =C9+D9 -> 137338 | F9: 41608.03 | G9: =E9-F9 -> 95729.97 | H9: =F9/E9*100 -> 30.29608
B10: Fuente: Departamento de Presupuesto.

Sheet CUADRO 4 ESTRUCTURA PROGRAMATIC
B1: Cuadro 4. EJECUCIÓN PRESUPUESTARIA, SEGÚN ESTRUCTURA PROGRAMÁTICA DE FUNCIONAMIENTO: NOVIEMBRE 2025
B2: Tipo de presupuesto | C2: Ejecución presupuestaria (en Balboas)
C3: Presupuesto | I3: Por ejecutar (6=4-5) | J3: Porcentaje de ejecución (7=5/4)
C4: Ley (1) | D4: Traslado (2) | E4: Modificado (3) | F4: Contención (4) | G4: Asignado (4) | H4: Ejecución (5)
B5: Total de Funcionamiento | C5: =SUM(C6:C8) -> 5838442 | D5: =D6+D7+D8 -> -374592 | E5: =E6+E7+E8 -> 5463850 | F5: =SUM(F6:F8) -> 154956.27 | G5: =G6+G7+G8 -> 4599407.9 | H5: ='CUADRO 1 -'!F7 -> 5224851.2 | I5: =G5-H5 -> -625443.26 | J5: =H5/G5*100 -> 113.59834
B6: Instrucción de Cuentas | C6: 1579357 | D6: -15308 | E6: =C6+D6 -> 1564049 | F6: 53154.22 | G6: 1353503.8 | H6: 1252222.7 | I6: =+G6-H6 -> 101281.11 | J6: =H6/G6*100 -> 92.517117
B7: Investigación Patrimonial | C7: 2542445 | D7: -245784 | E7: =C7+D7 -> 2296661 | F7: 34493.78 | G7: 1883054 | H7: 1789606.1 | I7: =+G7-H7 -> 93447.86 | J7: =H7/G7*100 -> 95.037431
B8: Servicios Administrativos | C8: 1716640 | D8: -113500 | E8: =C8+D8 -> 1603140 | F8: 67308.27 | G8: 1362850.1 | H8: 1259018.9 | I8: =+G8-H8 -> 103831.24 | J8: =H8/G8*100 -> 92.381316
B9: Fuente: Departamento de Presupuesto.
